 Seeded DCSS version 0.29-a0-582-ge82337ba6a (webtiles) character file.

Game seed: 14215745500859059887 (custom seed)

35 shadowstone the Conjurer (level 3, -5/28 HPs)
             Began as a Tengu Conjurer on June 15, 2022.
             Killed from afar by SuperHamster's ghost (8 damage)
             ... with a magic dart
             ... on level 3 of the Dungeon.
             The game lasted 00:03:15 (646 turns).

shadowstone the Conjurer (Tengu Conjurer)            Turns: 646, Time: 00:03:18

Health: -5/28      AC: 21    Str:  7    XL:     3   Next: 33%
Magic:  7/7        EV:  2    Int: 20    God:
Gold:   33         SH:  0    Dex: 12    Spells: 5/6 levels left

rFire   . . .      SeeInvis .   d - staff of poison
rCold   . . .      Faith    .   (no shield)
rNeg    . . .      Spirit   .   (body armour currently unavailable)
rPois   +          Reflect  .   (helmet currently unavailable)
rElec   .          Harm     .   (cloak currently unavailable)
rCorr   .          Rampage  .   (gloves currently unavailable)
Will    .....      NoTele   +   (boots unavailable)
Stlth   ++........              i - amulet of the acrobat
HPRegen 0.09/turn               (no ring)
MPRegen 0.10/turn               (no ring)

@: tree-form
A: stationary, stasis, torment immunity, boosted hp, (beak), (talons 3)
a: no special abilities


You were on level 3 of the Dungeon.
You were a tree.
You visited 1 branch of the dungeon, and saw 3 of its levels.

You collected 33 gold pieces.

Inventory:

Armour
 a - a +0 robe (melded)
 h - a +0 pair of boots
Magical Staves
 d - a staff of poison (weapon)
Jewellery
 i - an amulet of the acrobat (around neck)
Scrolls
 c - a scroll of teleportation {unknown}
 e - a scroll of blinking {unknown}
 j - a scroll of summoning {unknown}
Potions
 b - a potion of magic
 f - a potion of flight {unknown}


   Skills:
 + Level 2.4 Dodging
 + Level 2.2 Stealth
 + Level 2.1 Spellcasting
 + Level 6.3 Conjurations


You had 5 spell levels left.
You knew the following spells:

 Your Spells              Type           Power      Damage    Failure   Level
a - Magic Dart            Conj           100%       1d8       1%          1

Your spell library contained the following spells:

 Spells                   Type           Power      Damage    Failure   Level
 Searing Ray              Conj           54%        2d6       1%          2
 Dazzling Flash           Conj/Hex       28%        N/A       13%         3
 Fulminant Prism          Conj/Hex       7%         3d7       38%         4
 Iskenderun's Mystic Bla  Conj/Tloc      14%        2d5       38%         4


Dungeon Overview and Level Annotations

Branches:
Dungeon (3/15)

Altars:

Annotations:
D:3 SuperHamster's ghost, weakling OpCj


Innate Abilities, Weirdness & Mutations

You are a tree.
Your roots penetrate the ground, keeping you stationary.
You cannot be teleported.
You are immune to unholy pain and torment.
Your maximum health is greatly increased.
Your equipment is partially melded.
((You have a beak for a mouth.))
((You have claws for feet.))


Message History

The magic dart hits you but does no damage.
You hit SuperHamster's ghost.
SuperHamster's ghost is heavily damaged.
SuperHamster's ghost hits you but does no damage.
You barely miss SuperHamster's ghost.
SuperHamster's ghost is heavily damaged.
SuperHamster's ghost hits you but does no damage.
You hit SuperHamster's ghost.
SuperHamster's ghost is severely damaged.
SuperHamster's ghost hits you but does no damage.
You hit SuperHamster's ghost.
SuperHamster's ghost is almost destroyed.
SuperHamster's ghost casts a spell at you.
The magic dart hits you but does no damage.
SuperHamster's ghost hits you.
* * * LOW HITPOINT WARNING * * *
SuperHamster's ghost freezes you.
* * * LOW HITPOINT WARNING * * *
You closely miss SuperHamster's ghost.
SuperHamster's ghost is almost destroyed.
SuperHamster's ghost hits you but does no damage.
You barely miss SuperHamster's ghost.
SuperHamster's ghost is almost destroyed.
SuperHamster's ghost says, "What do you have that I didn't have?"
SuperHamster's ghost casts a spell at you.
The magic dart hits you but does no damage.
You closely miss SuperHamster's ghost.
SuperHamster's ghost is almost destroyed.
SuperHamster's ghost stares at you and mumbles some strange words.
The magic dart hits you but does no damage.
You closely miss SuperHamster's ghost.
SuperHamster's ghost is almost destroyed.
SuperHamster's ghost hits you but does no damage.
You closely miss SuperHamster's ghost.
SuperHamster's ghost is almost destroyed.
SuperHamster's ghost stares at you and mumbles some strange words.
The magic dart hits you but does no damage.
SuperHamster's ghost stares at you and mumbles some strange words.
The magic dart hits you!
You die...

#<...# ###..#
######..###.##.
+..............
#.####.#####.#. ...
#.# ... .....
#.###.# #!.....
##.....# #......
##..♣...#
.......##...W...#.
...........#'#......
.......##.##.....
......##...##....
..$..##.....##...
.....#⌠.?♣!.⌠#..(
.....##.....##...
......##...##....


You could see SuperHamster's ghost.

Vanquished Creatures
  Jessica (D:2)
  A giant cockroach (D:1)
  A hobgoblin (D:1)
  A quokka (D:1)
  A ball python (D:2)
  3 frilled lizards
  A kobold (D:2)
  2 rats
11 creatures vanquished.

Notes
Turn   | Place    | Note
-------+----------+-------------------------------------------
     0 | D:1      | shadowstone the Tengu Conjurer began the quest for the Orb.
     0 | D:1      | Reached XP level 1. HP: 10/10 MP: 4/4
   391 | D:2      | Noticed Jessica
   395 | D:2      | Reached XP level 2. HP: 15/15 MP: 6/6
   398 | D:2      | Killed Jessica
   399 | D:2      | Reached skill level 6 in Conjurations
   399 | D:2      | Reached XP level 3. HP: 19/19 MP: 2/7
   607 | D:3      | Found a runed translucent door.
   619 | D:3      | Noticed SuperHamster's ghost (weakling OpCj)
   646 | D:3      | Killed from afar by SuperHamster's ghost

Illustrated notes

Levels and vault maps discovered:
D:1:      minmay_arrival_stair_chambers, layout_loops_cross,
          minmay_worlds_worst_comb
D:2:      layout_loops_corners, basic_altar, kennysheep_generic_room_10,
          uniq_jessica
D:3:      layout_basic, hellmonk_ghost_happy_afterlife, uniq_natasha

Skill      XL: |  1  2 |
---------------+-------+-----
Conjurations   | 6 |  6.3
Dodging        | |  2.4
Stealth        | |  2.2
Spellcasting   | |  2.1

Action                   || total
-------------------------++-------
Melee: Staff             ||    37
       Kick              ||     8
       Peck              ||     2
 Cast: Magic Dart        ||     7
  Use: Potion            ||     1
 Stab: Sleeping          ||     1
Armor: Robe              ||     2
       Skin              ||    13
Dodge: Dodged            ||    21

Table legend: (Time is in decaauts)
 A = Elapsed time spent in this place.
 B = Non-inter-level travel time spent in this place.
 C = Inter-level travel time spent in this place.
 D = Time resting spent in this place.
 E = Time spent auto-exploring this place.
 F = Levels seen in this place.
 G = Mean time per level.
                   A        B        C        D        E       F      G
               +--------+--------+--------+--------+--------+-----+--------+
         Total |    652 |    636 |     16 |    149 |      0 |   3 |  217.3 |
       Dungeon |    652 |    636 |     16 |    149 |      0 |   3 |  217.3 |
               +--------+--------+--------+--------+--------+-----+--------+

Top non-repeatable levels by time:
     D:1: 389 daAuts
     D:2: 214 daAuts
     D:3: 48 daAuts
